 Dungeon Crawl Stone Soup version 0.27.1-35-g4d5d836560 (webtiles) character file.

Game seed: 388265012012848468

1391 Delamore the Covert (level 8, -2/50 HPs)
             Began as an Octopode Brigand on Apr 22, 2022.
             Slain by Maggie (12 damage)
             ... on level 6 of the Dungeon.
             The game lasted 00:08:05 (8570 turns).

Delamore the Covert (Octopode Brigand)              Turns: 8570, Time: 00:08:06

Health: -2/50      AC:  1    Str: 10    XL:     8   Next: 68%
Magic:  8/8        EV: 12    Int: 14    God:
Gold:   271        SH:  0    Dex: 15    Spells: 7/7 levels left

rFire    . . .     SeeInvis .   s - +5 hand axe of Slime {vorpal, +Rage rElec rC+}
rCold    + . .     Faith    .   (no shield)
rNeg     . . .     Spirit   .   (helmet restricted)
rPois    .         Reflect  .   (no amulet)
rElec    +         Harm     .   (no ring)
rCorr    .         Rampage  .   (no ring)
Will     .....                  (no ring)
Stlth    +++++.....             (no ring)
HPRegen  0.16/turn              (no ring)
MPRegen  0.11/turn              (no ring)
                                (no ring)
                                (no ring)

@: mesmerised
A: almost no armour, amphibious, 8 rings, camouflage 1, gelatinous body 1,
(nimble swimmer 1), tentacles
a: Evoke Berserk Rage


You were on level 6 of the Dungeon.
You visited 2 branches of the dungeon, and saw 7 of its levels.

You collected 271 gold pieces.

Inventory:

Hand Weapons
 a - a +2 dagger
 s - the +5 hand axe of Slime (weapon) {vorpal, +Rage rElec rC+}
   (You found it on level 4 of the Dungeon)

   It inflicts extra damage upon your enemies.
   rC:        It protects you from cold.
   rElec:     It insulates you from electricity.
   +Rage:     It lets you go berserk.
Missiles
 d - 9 boomerangs (quivered)
Armour
 n - a +0 tower shield
 x - a +0 kite shield
Scrolls
 h - a scroll of amnesia
 i - 2 scrolls of enchant armour
 j - 2 scrolls of brand weapon
 l - a scroll of noise
 m - a scroll of torment
 p - 2 scrolls of teleportation {unknown}
 q - a scroll of immolation {unknown}
 r - a scroll of silence {unknown}
 t - a scroll of fear {unknown}
 u - a scroll of summoning {unknown}
Potions
 e - a potion of magic {unknown}
 g - 3 potions of ambrosia
 k - a potion of mutation {unknown}
 o - a potion of attraction {unknown}
 v - a potion of curing {unknown}
 w - a potion of flight {unknown}
 z - a potion of berserk rage {unknown}


   Skills:
 - Level 2.0 Fighting
 * Level 8.8 Short Blades
 - Level 2.0 Throwing
 - Level 1.0 Dodging
 - Level 10.0 Stealth


You had 7 spell levels left.
You didn't know any spells.
Your spell library contained the following spells:

 Spells                   Type           Power      Damage    Failure   Level
 Gell's Gravitas          Tloc           0%         N/A       65%         3
 Teleport Other           Tloc           0%         N/A       65%         3
 Iskenderun's Mystic Bla  Conj/Tloc      0%         2d3       96%         4
 Summon Forest            Summ/Tloc      0%         N/A       100%        5
 Dispersal                Tloc           0%         N/A       100%        6
 Malign Gateway           Summ/Tloc      0%         N/A       100%        7


Dungeon Overview and Level Annotations

Branches:
Dungeon (6/15)             Temple (1/1) D:4

Altars:
Cheibriados
Dithmenos
Fedhas
Qazlal
Ru
Sif Muna
Uskayaw
Vehumet
Wu Jian
Xom
Yredelemnul
Zin
The Shining One

Shops:
D:4 *[

Annotations:
D:6 Maggie


Innate Abilities, Weirdness & Mutations

You cannot wear most types of armour.
You are amphibious.
You can wear up to eight rings at the same time.
Your skin changes colour to match your surroundings (Stealth+).
Your rubbery body absorbs attacks. (AC +1, EV +1)
((You are camouflaged near water. (Stealth+)))
You have tentacles for arms and can constrict up to eight enemies at once.


Message History

You cannot move away from Maggie!
Throw: throwing net
Press: ? - help, Q - select action, (/) - cycle Shift-Dir - straight line, f/p - Maggie
Aim: Maggie, wielding a +0 halberd and wearing +0 steam dragon scales (lightly wounded, mesmerising, poisoned, 60% to hit)
You throw a throwing net. The throwing net closely misses Maggie.
It was a potion of ambrosia.
You are confused.
You feel invigorated. Maggie gestures at you while chanting.
The bolt of fire hits you!!
* * * LOW HITPOINT WARNING * * *
Maggie hits you with a +0 halberd.
* * * LOW HITPOINT WARNING * * *
It was a potion of heal wounds.
You feel much better. Maggie barely misses you.
Okay, then.
Maggie hits you from afar with a +0 halberd.
You feel much better.
Maggie looks more healthy.
Maggie barely misses you.
Maggie mumbles some strange words.
Maggie draws you further into her thrall.
You throw a boomerang. Maggie barely misses you.
You throw a boomerang.
Maggie hits you from afar with a +0 halberd!
You feel less invigorated.
You feel less confused. Maggie closely misses you.
You hit Maggie. Your grab misses Maggie.
Maggie is moderately wounded.
Maggie hits you with a +0 halberd!
You hit Maggie. You grab Maggie.
Maggie is moderately wounded.
You constrict Maggie, but do no damage. Maggie closely misses you.
You slash Maggie!
Maggie is heavily wounded.
You constrict Maggie, but do no damage. Maggie hits you with a +0 halberd! x2
* * * LOW HITPOINT WARNING * * *
Okay, then.
You hit Maggie but do no damage.
Maggie is heavily wounded.
You constrict Maggie, but do no damage. Maggie hits you with a +0 halberd!
You die...

############
#..........#
#..........#
#.......@..#
###.......@<.#
#............#
######.#....)..)..#
#......)..(..)....#
##.....##.(........#
..(######..........#
##.# ############
#†.#


You could see Maggie (mesmerising).

Vanquished Creatures
  A steam dragon (D:6)
  Menkaure (D:4)
  An ogre (D:5)
  A black bear (D:5)
  A necrophage (D:5)
  A sky beast (D:5)
  A centaur (D:6)
  A phantom (D:4)
  A gnoll sergeant (D:5)
  A scorpion (D:5)
  A wyvern zombie (D:3)
  A centaur zombie (D:6)
  2 orc priests
  2 iguanas (D:4)
  2 orc wizards (D:6)
  A hound skeleton (D:4)
  9 gnolls
  6 adders
  3 worms
  13 orcs
  10 endoplasms
  A giant cockroach (D:2)
  5 goblins
  7 hobgoblins
  8 jackals
  3 quokkas
  10 ball pythons
  4 bats (D:1)
  4 frilled lizards (D:1)
  8 kobolds
  4 rats
114 creatures vanquished.

Notes
Turn   | Place    | Note
-------+----------+-------------------------------------------
     0 | D:1      | Delamore the Octopode Brigand began the quest for the Orb.
     0 | D:1      | Reached XP level 1. HP: 14/14 MP: 1/1
   124 | D:1      | Reached XP level 2. HP: 19/19 MP: 2/2
   968 | D:1      | Reached XP level 3. HP: 24/24 MP: 3/3
  1667 | D:1      | Reached skill level 6 in Stealth
  1906 | D:1      | Reached XP level 4. HP: 10/29 MP: 4/4
  2355 | D:2      | Got Jouzy's Catalogue of Translocation
  3328 | D:3      | Reached XP level 5. HP: 26/34 MP: 5/5
  3618 | D:3      | Reached skill level 5 in Short Blades
  3618 | D:3      | Reached skill level 7 in Stealth
  3709 | D:3      | Reached XP level 6. HP: 39/39 MP: 6/6
  3749 | D:3      | Found a faded altar of an unknown god.
  4105 | D:4      | Identified the +5 hand axe of Slime {vorpal, +Rage rElec
                  | rC+}
  4138 | D:4      | Noticed Menkaure
  4145 | D:4      | Killed Menkaure
  4604 | D:4      | Reached XP level 7. HP: 45/45 MP: 7/7
  4858 | D:4      | Found Ocrev's Antique Armour Shoppe.
  4917 | D:4      | Reached skill level 8 in Stealth
  4920 | D:4      | Found Xodwaeq's Assorted Antiques.
  5018 | D:4      | Found a blossoming altar of Fedhas.
  5018 | D:4      | Found a shimmering altar of Xom.
  5026 | D:4      | Found a staircase to the Ecumenical Temple.
  5270 | Temple   | Entered the Ecumenical Temple
  6084 | D:5      | Entered Level 5 of the Dungeon
  6534 | D:5      | Found a basalt altar of Yredelemnul.
  6594 | D:5      | Reached XP level 8. HP: 50/50 MP: 8/8
  6628 | D:5      | Reached skill level 9 in Stealth
  7509 | D:6      | Noticed Maggie
  8348 | D:6      | Reached skill level 10 in Stealth
  8559 | D:6      | HP: 1/50 [Maggie (6)]
  8570 | D:6      | Slain by Maggie

Illustrated notes

Levels and vault maps discovered:
D:1:      amcnicky_arrival_double_pillar, layout_basic, st_stairs_2
D:2:      layout_basic, kennysheep_path_1
D:3:      layout_loops_cross, dreamdust_ecumenical_altar_grove
D:4:      layout_layer_cave, gammafunk_temple_overflow_wave, temple_doors_cd,
          serial_shops, nicolae_shop_waterfront, shop, uniq_menkaure
D:5:      layout_loops_ring, mainiacjoe_overflow_cross_hatched,
          hangedman_decor_diamond_cutter
D:6:      layout_rooms, uniq_maggie
Temple:   eino_temple_lava

Skill      XL: |  1  2  3  4  5  6  7  8 |
---------------+-------------------------+-----
Short Blades   | 3 4 5 6 7 8 |  8.8
Stealth        | 6 7 8 10 | 10.0
Fighting       | |  2.0
Throwing       | |  2.0
Dodging        | |  1.0

Action                   |  1- 3 |  4- 6 |  7- 9 || total
-------------------------+-------+-------+-------++-------
Melee: Dagger            |    84 |    54 |       ||   138
       Constrict         |    12 |    18 |    12 ||    42
       Tentacles         |     5 |    15 |     7 ||    27
       Hand axe          |       |    11 |    76 ||    87
Throw: Dart              |     4 |    15 |    16 ||    35
       Boomerang         |       |       |    11 ||    11
       Throwing net      |       |       |     1 ||     1
  Use: Scroll            |     2 |     1 |     2 ||     5
       Potion            |       |       |     3 ||     3
 Stab: Sleeping          |    13 |    13 |    11 ||    37
Armor: Skin              |     7 |       |     3 ||    10
Dodge: Dodged            |    46 |    24 |    63 ||   133
